 Dungeon Crawl Stone Soup version 0.17-a0-1554-g3b847ca (webtiles) character file.

6910 Gorice the Zephyrmancer (level 10, -2/63 HPs)
             Began as a Vampire Wanderer on July 19, 2015.
             Was a Believer of Kikubaaqudgha.
             Slain by a black mamba (11 damage)
             ... on level 1 of the Lair of Beasts.
             The game lasted 01:32:17 (10070 turns).

Gorice the Zephyrmancer (Vampire Wanderer)         Turns: 10070, Time: 01:32:18

Health: -2/63      AC: 19    Str: 18    XL:     10   Next: 79%
Magic:  0/26       EV: 11    Int: 17    God:    Kikubaaqudgha [**....]
Gold:   446        SH:  0    Dex: 13    Spells: 8 memorised, 5 levels left

rFire  . . .     SeeInvis +     a - +2 dagger (elec)
rCold  + . .     Clarity  .     m - +4 moon troll leather armour {Spirit, Regen++ MP+5}
rNeg   + + .     SustAt   .     (no shield)
rPois  +         Gourm    .     D - +2 hat
rElec  .         Spirit   +     r - +1 cloak
rCorr  .         Warding  .     L - +0 pair of gloves
rMut   .         Stasis   .     (no boots)
MR     +....                    k - amulet of regeneration
Stlth  +.........               Y - +6 ring of protection
                                e - +5 ring of strength

@: regenerating slowly, somewhat resistant to hostile enchantments, very
unstealthy
A: fangs 3, see invisible, unbreathing
a: Bat Form, Receive Corpses, Renounce Religion


You were on level 1 of the Lair of Beasts.
You worshipped Kikubaaqudgha.
Kikubaaqudgha was pleased with you.
You were thirsty.

You visited 3 branches of the dungeon, and saw 10 of its levels.
You also visited: Volcano.

You collected 601 gold pieces.
You spent 155 gold pieces at shops.

Inventory:

Hand weapons
 a - a +2 dagger of electrocution (weapon)
   (You found it on level 4 of the Dungeon)
 f - a +3 scimitar of flaming
   (You took it off Erica on level 8 of the Dungeon)
 v - a +0 dagger of venom
   (You took it off Dowan on level 7 of the Dungeon)
 A - a +3 short sword of draining
   (You took it off a goblin on level 2 of the Dungeon)
Missiles
 F - 10 tomahawks (quivered)
 Z - 286 stones
Armour
 m - the +4 moon troll leather armour (worn) {Spirit, Regen++ MP+5}
   (You found it in a volcano)

   It affects your magic capacity (+5).
   It increases your rate of regeneration.
 o - a +1 scale mail of fire resistance
   (You found it in a volcano)
 r - a +1 cloak (worn)
 w - a +2 robe of fire resistance
   (You found it in a volcano)
 D - a +2 hat (worn)
 L - a +0 pair of gloves (worn)
Magical staves
 b - an uncursed staff of wizardry
Jewellery
 e - a +5 ring of strength (left hand)
 k - an amulet of regeneration (around neck)
 u - an uncursed amulet of resist corrosion
 Y - a +6 ring of protection (right hand)
Magical devices
 g - a wand of lightning (0)
Scrolls
 i - a scroll of enchant weapon
 j - a scroll of remove curse
 s - a scroll of amnesia
 B - a scroll of identify
 J - a scroll of blinking
Potions
 d - a potion of curing {unknown}
 l - a potion of agility {!q}
 q - a potion of brilliance {!q}
 I - 10 potions of blood
 K - a potion of haste {!q}
Books
 c - a book of the Warp


   Skills:
 - Level 1.0 Throwing
 + Level 7.8 Spellcasting
 * Level 8.0 Conjurations
   Level 1.0 Summonings
 - Level 1.5 Necromancy
 * Level 10.7 Air Magic
   Level 1.0 Poison Magic
 - Level 1.0 Evocations


You had 5 spell levels left.
You knew the following spells:

 Your Spells              Type           Power        Failure   Level  Hunger
a - Shock                 Conj/Air       ####         1%          1    None
b - Animate Skeleton      Necr           N/A          8%          1    None
c - Static Discharge      Conj/Air       #####...     1%          3    #......
d - Sublimation of Blood  Necr           ##........   12%         2    None
e - Lightning Bolt        Conj/Air       #####.....   10%         5    #####..
M - Repel Missiles        Chrm/Air       ###...       2%          2    None
R - Regeneration          Chrm/Necr      #.........   30%         3    #......
S - Swiftness             Chrm/Air       ###.....     2%          2    None


Dungeon Overview and Level Annotations

Branches:
Dungeon (8/15)             Temple (1/1) D:6            Lair (1/8) D:8

Altars:
Ashenzari
Cheibriados
Dithmenos
Elyvilon
Fedhas
Gozag
Kikubaaqudgha
Makhleb
Nemelex Xobeh
Okawaru
Qazlal
Ru
Sif Muna
Trog
Vehumet
Xom
Yredelemnul
Zin
The Shining One

Shops:
D:8 *

Annotations:
D:3 exclusion: oklob plant, HEYYEYAAE's ghost, weakling DrBe
D:6 vpUX: freezing cloud loot vault


Innate Abilities, Weirdness & Mutations

You heal slowly.
You have razor-sharp teeth.
You have supernaturally acute eyesight.
You can survive without breathing.


Message History

Confirm with . or Enter, or press ? or * to list all spells.
You don't have enough magic to cast that spell.
You hear the crackle of electricity.
a - a +2 dagger of electrocution (weapon)
The black mamba misses you. The crocodile bites you!
Damage: 9 (max 13)
You hit the black mamba but do no damage.
The black mamba is severely wounded.
The black mamba closely misses you.
The crocodile bites you but does no damage.
You completely miss the black mamba.
The black mamba is severely wounded.
The black mamba misses you. The black mamba bites you!
* * * LOW HITPOINT WARNING * * *
The crocodile barely misses you.
Damage: 9 (max 13) Unknown command.
You hit the black mamba but do no damage.
The black mamba is severely wounded.
The black mamba bites you but does no damage.
The black mamba misses you.
The crocodile bites you but does no damage.
You hit the black mamba.
The black mamba is severely wounded.
The black mamba barely misses you.
The black mamba bites you but does no damage.
The crocodile closely misses you.
Unknown command.
Read which item? (? for menu, Esc to quit)
Okay, then.
Drink which item? (? for menu, Esc to quit)
Really quaff
p - a potion of heal wounds {!q}?
You feel much better. The black mamba barely misses you.
The black mamba bites you. The crocodile bites you.
You hit the black mamba.
The black mamba is almost dead.
The black mamba bites you. The crocodile barely misses you.
Damage: 6 (max 13)
You miss the black mamba.
The black mamba is almost dead.
The black mamba bites you!
* * * LOW HITPOINT WARNING * * *
The black mamba bites you but does no damage.
The crocodile misses you.
Damage: 15 (max 15)
You miss the black mamba.
The black mamba is almost dead.
The black mamba bites you!
You die...
Kikubaaqudgha rasps: "You have failed me!
Welcome... oblivion!"

##....#........###... ##..
#P.............#.... #....
###.............(.. #....t
#####............... ###......
..# ##............. #P.......
.### ##P..........##
##....)..# ...##
##...........# ##.......##
....#
##........t..###.......##
...## #.........@S###...##...#
...####...........###...###P##
...#P.#.#...........รท....# ##
...#...###...............#
#.......................##
#......................##
....#..................#
...##................###
...##.........(...P###


You could see a black mamba and a crocodile.

Vanquished Creatures
  Erica (D:8)
  Pikel (D:8)
  A toenail golem (Volcano)
  2 molten gargoyles (Volcano)
  A spiny frog (Lair:1)
  An efreet (Volcano)
  A troll (D:8)
  A hippogriff (Lair:1)
  A fire bat (Volcano)
  2 basilisks (Lair:1)
  A sky beast (D:8)
  Duvessa (D:7)
  2 hell hounds (Volcano)
  An orc warrior (D:8)
  2 ice beasts (D:8)
  3 black bears
  4 centaurs
  A crocodile (D:8)
  3 ogres
  5 giant frogs
  2 scorpions
  Dowan (D:7)
  5 killer bees (D:7)
  4 crimson imps
  2 jellies
  A hound (D:7)
  2 lava snakes (Volcano)
  6 orc wizards
  Ijyb (D:3)
  A centaur skeleton (D:5)
  5 orc priests
  8 worker ants
  4 iguanas
  A hound skeleton (D:6)
  2 worker ant zombies
  13 adders
  An ooze (D:2)
  An adder zombie (D:8)
  A worm (D:3)
  2 giant geckos (D:2)
  21 orcs
  3 ball pythons
  16 bats
  A bat zombie (D:5)
  7 giant cockroaches
  19 goblins
  12 hobgoblins
  3 quokkas
  2 giant newts
  11 jackals
  10 kobolds
  11 rats
214 creatures vanquished.

Vanquished Creatures (others)
  A fungus (D:3)
  A plant (D:3)
2 creatures vanquished.

Grand Total: 216 creatures vanquished

Notes
Turn   | Place    | Note
--------------------------------------------------------------
     0 | D:1      | Gorice the Vampire Wanderer began the quest for the Orb.
     0 | D:1      | Gorice set off with: a book of Air, the Volume of Transmigration, the Reference Book on Unholy Magic, a +0 robe, a +0 club, a potion of blood
     0 | D:1      | Reached XP level 1. HP: 13/13 MP: 5/5
     0 | D:1      | Identified the Volume of Transmigration
     0 | D:1      | Identified the Reference Book on Unholy Magic
     2 | D:1      | Learned a level 1 spell: Shock
     4 | D:1      | Learned a level 1 spell: Animate Skeleton
   289 | D:1      | Reached skill level 1 in Necromancy
   353 | D:1      | Reached XP level 2. HP: 19/19 MP: 5/7
   798 | D:2      | Learned a level 2 spell: Repel Missiles
   801 | D:2      | Learned a level 2 spell: Swiftness
   952 | D:2      | Reached XP level 3. HP: 20/24 MP: 3/8
  1034 | D:2      | --+6 ring of protection - nice!
  1709 | D:2      | Reached skill level 3 in Air Magic
  1709 | D:2      | Reached XP level 4. HP: 30/30 MP: 5/10
  1799 | D:2      | Reached skill level 1 in Conjurations
  1995 | D:3      | Noticed HEYYEYAAE's ghost (weakling DrBe)
  2386 | D:3      | Found a blossoming altar of Fedhas.
  2386 | D:3      | Noticed Ijyb
  2532 | D:3      | Found a basalt altar of Yredelemnul.
  2607 | D:3      | Reached XP level 5. HP: 35/35 MP: 6/11
  2665 | D:3      | HP: 8/35 [Ijyb/wand of lightning (18)]
  2671 | D:3      | Killed Ijyb
  2722 | D:3      | Noticed an oklob plant
  2972 | D:4      | Found a white marble altar of Elyvilon.
  3371 | D:5      | Entered Level 5 of the Dungeon
  3387 | D:5      | Reached skill level 2 in Conjurations
  3411 | D:5      | Reached skill level 4 in Air Magic
  3421 | D:5      | Noticed an ogre
  3613 | D:5      | Reached XP level 6. HP: 41/41 MP: 10/13
  3618 | D:5      | Learned a level 3 spell: Static Discharge
  3622 | D:5      | Learned a level 3 spell: Regeneration
  3716 | D:5      | Killed an ogre
  4152 | D:5      | Noticed a centaur
  4164 | D:5      | Killed a centaur
  4164 | D:5      | Reached skill level 5 in Spellcasting
  4164 | D:5      | Reached skill level 3 in Conjurations
  4219 | D:5      | Reached skill level 5 in Air Magic
  4219 | D:5      | Reached XP level 7. HP: 43/46 MP: 4/14
  4403 | D:5      | Noticed an ogre
  4474 | D:5      | Killed an ogre
  4884 | D:6      | Found an iron altar of Okawaru.
  4968 | D:5      | Found a bloodstained altar of Trog.
  4980 | D:5      | Reached skill level 6 in Air Magic
  5085 | D:6      | Reached skill level 4 in Conjurations
  5100 | D:6      | Found a shadowy altar of Dithmenos.
  5163 | D:6      | Found a shimmering altar of Xom.
  5197 | D:6      | Reached XP level 8. HP: 50/52 MP: 7/16
  5411 | D:6      | Found a staircase to the Ecumenical Temple.
  5420 | Temple   | Entered the Ecumenical Temple
  5631 | D:6      | Found a shattered altar of Ashenzari.
  5650 | D:6      | Found an ancient bone altar of Kikubaaqudgha.
  5655 | D:6      | Became a worshipper of Kikubaaqudgha
  6143 | D:7      | Noticed Duvessa
  6153 | D:7      | Noticed Dowan
  6165 | D:7      | Killed Dowan
  6166 | D:7      | Killed Duvessa
  6166 | D:7      | Reached skill level 7 in Air Magic
  6168 | D:7      | HP: 15/52 [poisoned by Dowan]
  6173 | D:7      | HP: 12/52 [poisoned by Dowan]
  6178 | D:7      | HP: 10/52 [poisoned by Dowan]
  6183 | D:7      | HP: 9/52 [poisoned by Dowan]
  6189 | D:7      | HP: 9/52 [poisoned by Dowan]
  6195 | D:7      | HP: 11/52 [poisoned by Dowan]
  6203 | D:7      | HP: 13/52 [poisoned by Dowan]
  6329 | D:7      | Reached skill level 6 in Spellcasting
  6329 | D:7      | Reached skill level 5 in Conjurations
  6443 | D:7      | Acquired Kikubaaqudgha's first power
  6443 | D:7      | Received a gift from Kikubaaqudgha
  6444 | D:7      | Identified Kikubaaqudgha's Grimoire of Black Magic (Kikubaaqudgha gifted it to you on level 7 of the Dungeon)
  6977 | D:7      | Reached XP level 9. HP: 48/57 MP: 3/18
  7077 | D:7      | Learned a level 2 spell: Sublimation of Blood
  7228 | D:8      | Found a radiant altar of Vehumet.
  7229 | D:8      | Noticed Erica
  7303 | D:8      | Killed Erica
  7303 | D:8      | Reached skill level 6 in Conjurations
  7303 | D:8      | Reached skill level 8 in Air Magic
  7560 | D:8      | Found Duyluqig's General Store.
  7694 | D:7      | Learned a level 5 spell: Lightning Bolt
  7776 | D:8      | Bought a scroll of blinking for 97 gold pieces
  7776 | D:8      | Bought a +0 pair of gloves for 58 gold pieces
  7893 | D:8      | Acquired Kikubaaqudgha's second power
  8006 | D:8      | Reached skill level 9 in Air Magic
  8070 | D:8      | Reached skill level 7 in Spellcasting
  8332 | D:8      | Noticed Pikel
  8388 | D:8      | Found a staircase to the Lair.
  8509 | D:8      | Reached XP level 10. HP: 60/63 MP: 8/20
  8704 | D:8      | Killed Pikel
  8704 | D:8      | Reached skill level 7 in Conjurations
  8803 | Lair:1   | Entered Level 1 of the Lair of Beasts
  8926 | Lair:1   | HP: 2/63 [spiny frog (20)]
  9242 | Lair:1   | Found a dark tunnel.
  9253 | Volcano  | Entered a volcano
  9379 | Volcano  | Reached skill level 10 in Air Magic
  9514 | Volcano  | Found a radiant altar of Vehumet.
  9514 | Volcano  | Noticed a toenail golem
  9539 | Volcano  | Killed a toenail golem
  9914 | Volcano  | Reached skill level 8 in Conjurations
 10053 | Lair:1   | Noticed a black mamba
 10064 | Lair:1   | HP: 11/63 [black mamba (10)]
 10069 | Lair:1   | HP: 8/63 [black mamba (16)]
 10070 | Lair:1   | Slain by a black mamba

Vault maps used:
D:1:      minmay_arrival_diagonal_passages
D:2:      kennysheep_the_goblin_king
D:3:      lemuel_doored_altar, first_bread, minivault_11, tgw_fedhas, uniq_iyjb
D:4:      lemuel_round_altar
D:5:      lemuel_upstairs_altar
D:6:      lemuel_ice_spiral_2, nicolae_overflow_quartered_altars,
          nicolae_dithmenos_shadow_blocks, minmay_temple_entry_statues
D:7:      uniq_duvessa
D:8:      old_standard_altar, lair_0_dummy, serial_shops, shop, uniq_erica,
          uniq_pikel
Temple:   triangle_lava_temple_11
Lair:1:   nicolae_volcano_entry_s_turn, st_stairs_9, grunt_megastairs_3
Volcano:  volcano_lake

Action                   |  1- 3 |  4- 6 |  7- 9 | 10-12 || total
-------------------------+-------+-------+-------+-------++-------
Melee: Short sword       |    71 |    52 |    12 |    21 ||   156
       Staff             |       |     1 |       |       ||     1
       Dagger            |       |     6 |    88 |    15 ||   109
 Cast: Shock             |    73 |   118 |   172 |    40 ||   403
       Animate Skeleton  |     3 |       |       |     2 ||     5
       Repel Missiles    |     1 |     2 |     3 |       ||     6
       Static Discharge  |       |     6 |    71 |    34 ||   111
       Lightning Bolt    |       |       |       |     6 ||     6
Evoke: Wand              |       |     1 |     2 |     6 ||     9
  Use: Scroll            |     4 |     8 |     8 |     2 ||    22
       Potion            |     3 |    10 |    19 |    13 ||    45
 Stab: Sleeping          |     1 |       |       |       ||     1
       Invisible         |       |     4 |       |       ||     4

Table legend:
 A = Turns spent in this place as a percentage of turns spent in the entire game.
 B = Non-inter-level travel turns spent in this place as a percentage of non-inter-level travel turns spent in the entire game.
 C = Inter-level travel turns spent in this place as a percentage of turns spent in this place.
 D = Turns resting spent in this place as a percentage of non-inter-level travel turns spent in this place.
 E = Turns spent auto-exploring this place as a percentage of non-inter-level travel turns spent in this place.
 F = Non-inter-level travel turns spent in this place divided by the number of levels of this place that you've seen.
                   A       B       C       D       E      F
               +-------+-------+-------+-------+-------+----------------------
         Total | 100.0 | 100.0 |   0.6 |   3.7 |   4.6 | 386.3
       Dungeon |  81.9 |  81.8 |   0.7 |   3.9 |   5.3 | 434.4
        Temple |   1.6 |   1.6 |   0.0 |   0.0 |   0.0 |  70.0
          Lair |   6.2 |   6.2 |   0.4 |   2.7 |   4.6 | 263.0
       Volcano |  10.3 |  10.4 |   0.0 |   3.6 |   0.0 | 441.0
               +-------+-------+-------+-------+-------+----------------------

Vault maps used:
D:1:      minmay_arrival_diagonal_passages
D:2:      kennysheep_the_goblin_king
D:3:      lemuel_doored_altar, first_bread, minivault_11, tgw_fedhas, uniq_iyjb
D:4:      lemuel_round_altar
D:5:      lemuel_upstairs_altar
D:6:      lemuel_ice_spiral_2, nicolae_overflow_quartered_altars,
          nicolae_dithmenos_shadow_blocks, minmay_temple_entry_statues
D:7:      uniq_duvessa
D:8:      old_standard_altar, lair_0_dummy, serial_shops, shop, uniq_erica,
          uniq_pikel
Temple:   triangle_lava_temple_11
Lair:1:   nicolae_volcano_entry_s_turn, st_stairs_9, grunt_megastairs_3
Volcano:  volcano_lake
